 Dungeon Crawl Stone Soup version 0.29.1-4-g47bece8355 (webtiles) character file.

Game seed: 9721796704138323262

28473 DemonSlayer the Thaumaturge (level 13, -17/88 HPs)
             Began as a Demonspawn Fire Elementalist on Dec 4, 2022.
             Was a Believer of Cheibriados.
             Demolished by a very large slime creature (47 damage)
             ... on level 12 of the Dungeon.
             The game lasted 00:41:08 (16369 turns).

DemonSlayer the Thaumaturge (DsFE)                 Turns: 16369, Time: 00:41:08

Health: -17/88     AC: 11    Str: 14    XL:     13   Next: 10%
Magic:  15/27      EV: 15    Int: 27    God:    Cheibriados [**....]
Gold:   1853       SH:  8    Dex: 18    Spells: 3/33 levels left

rFire   . . .      SeeInvis .   c - +6 hand axe (vorpal)
rCold   + . .      Faith    .   (no shield)
rNeg    . . .      Spirit   .   t - +3 leather armour {rC+}
rPois   .          Reflect  .   (helmet unavailable)
rElec   .          Harm     .   b - +0 cloak
rCorr   .          Rampage  .   (no gloves)
Will    .....                   (no boots)
Stlth   +++.......              h - amulet of regeneration
HPRegen 1.04/turn               i - ring of flight
MPRegen 0.40/turn               (no ring)

@: flying, very slow
A: horns 3, large bone plates 1, icemail 1, magic regeneration, condensation
shield
a: Renounce Religion, Bend Time


You were on level 12 of the Dungeon.
You worshipped Cheibriados.
Cheibriados was pleased with you.
You visited 2 branches of the dungeon, and saw 13 of its levels.
You also visited: Bailey.

You collected 1853 gold pieces.

Inventory:

Hand Weapons
 c - a +6 vorpal hand axe (weapon)
Missiles
 a - a throwing net
 d - 3 curare-tipped darts
Armour
 b - a +0 cloak (worn)
 r - a +2 robe of fire resistance
 t - a +3 leather armour of cold resistance (worn)
Jewellery
 h - an amulet of regeneration (around neck)
 i - a ring of flight (left hand)
Wands
 g - a wand of light (20)
 q - a wand of iceblast (11)
 s - a wand of polymorph (8)
 u - a wand of mindburst (15)
Scrolls
 j - a scroll of blinking
 m - 7 scrolls of teleportation
 p - a scroll of amnesia
 y - 3 scrolls of enchant armour
 z - a scroll of torment {unknown}
 A - 3 scrolls of summoning
 B - a scroll of poison
 D - a scroll of magic mapping
Potions
 e - 3 potions of curing
 f - 2 potions of attraction
 k - 5 potions of cancellation
 l - a potion of flight {unknown}
 n - 5 potions of brilliance
 o - a potion of lignification
 v - 2 potions of haste {unknown}
 w - 2 potions of magic
 x - 2 potions of invisibility {unknown}


   Skills:
 + Level 4.1 Fighting
 + Level 1.0 Short Blades
 + Level 5.4 Axes
 + Level 2.7 Throwing
 + Level 3.6 Armour
 + Level 5.8 Dodging
 + Level 4.5 Stealth
 + Level 4.5 Shields
 + Level 10.7 Spellcasting
 + Level 7.0 Conjurations
 + Level 1.9 Hexes
 + Level 2.1 Transmutations
 + Level 8.0 Fire Magic
 + Level 2.1 Air Magic
 + Level 5.7 Earth Magic
 + Level 2.7 Poison Magic
 + Level 1.8 Evocations


You had 3 spell levels left.
You knew the following spells:

 Your Spells              Type           Power      Damage    Failure   Level
a - Foxfire               Conj/Fire      100%       2x1d9     1%          1
b - Scorch                Fire           100%       2d10      1%          2
c - Stone Arrow           Conj/Erth      98%        3d13      1%          3
d - Flame Wave            Conj/Fire      53%        2d13      2%          4
e - Mephitic Cloud        Conj/Pois/Air  36%        N/A       2%          3
f - Ignite Poison         Fire/Tmut/Pois 37%        N/A       2%          3
g - Leda's Liquefaction   Hex/Erth       17%        N/A       10%         4
h - Conjure Flame         Conj/Fire      53%        6-21      1%          3
i - Cause Fear            Hex            12%        N/A       22%         4
j - Tukima's Dance        Hex            24%        N/A       7%          3

Your spell library contained the following spells:

 Spells                   Type           Power      Damage    Failure   Level
 Sandblast                Erth           90%        2d19      1%          1
 Passwall                 Tmut/Erth      29%        N/A       1%          2
 Inner Flame              Hex/Fire       41%        N/A       1%          3
 Slow                     Hex            96%        N/A       2%          1
 Wereblood                Tmut           25%        N/A       3%          2
 Confusing Touch          Hex            24%        N/A       7%          3
 Sublimation of Blood     Necr           14%        N/A       8%          2
 Portal Projectile        Hex/Tloc       38%        N/A       10%         3
 Call Canine Familiar     Summ           14%        N/A       14%         3
 Vampiric Draining        Necr           14%        2d7       14%         3
 Petrify                  Tmut/Erth      35%        N/A       10%         4
 Animate Armour           Summ/Erth      60%        N/A       14%         4
 Irradiate                Conj/Tmut      19%        3d18      21%         5
 Freezing Cloud           Conj/Ice/Air   15%        6-21      36%         5
 Passage of Golubria      Tloc           14%        N/A       43%         4
 Summon Ice Beast         Ice/Summ       14%        N/A       43%         4
 Iron Shot                Conj/Erth      24%        9d5       47%         6
 Blade Hands              Tmut           12%        N/A       50%         5
 Yara's Violent Unravell  Hex/Tmut       12%        3d7       52%         5
 Summon Mana Viper        Hex/Summ       19%        N/A       67%         5
 Dragon Form              Tmut           12%        N/A       100%        7
 Enfeeble                 Hex            12%        N/A       100%        7
 Monstrous Menagerie      Summ           7%         N/A       100%        7
 Summon Hydra             Summ           7%         N/A       100%        7
 Dragon's Call            Summ           7%         N/A       100%        9


Dungeon Overview and Level Annotations

Branches:
Dungeon (12/15)            Temple (1/1) D:6            Lair (0/5) D:8
    Orc (0/2) D:11         Bailey (visited)

Altars:
Ashenzari
Cheibriados
Dithmenos
Fedhas
Gozag
Hepliaklqana
Kikubaaqudgha
Makhleb
Nemelex Xobeh
Okawaru
Qazlal
Ru
Sif Muna
Trog
Uskayaw
Vehumet
Wu Jian
Xom
Yredelemnul

Shops:
D:2 :   D:8 (   D:9 *


Innate Abilities, Weirdness & Mutations

You have a pair of large horns on your head.
You are partially covered in large bone plates. (SH +4)
A meltable icy envelope protects you from harm. (AC +4)
You regenerate magic rapidly.
A meltable shield of frost defends you. (SH +4)


Message History

Found a leather armour.
The slime creature hits you but does no damage.
You block the slime creature's attack.
The deep elf pyromancer gestures wildly while chanting.
The deep elf pyromancer blinks!
The slime creature hits you!
The deep elf pyromancer gestures wildly while chanting.
The slime creature hits you!
Two slime creatures merge to form a large slime creature.
There is an open door, spattered with blood here.
The slime creature closely misses you.
The stone arrow hits the slime creature!
The slime creature is moderately wounded.
The slime creature hits you!
Two slime creatures merge to form a very large slime creature.
The stone arrow hits the very large slime creature!!
The very large slime creature is moderately wounded.
The stone arrow hits the very large slime creature!!
The very large slime creature is moderately wounded.
The stone arrow hits the very large slime creature!!
The very large slime creature is heavily wounded.
The very large slime creature barely misses you.
The stone arrow hits the very large slime creature!!
The very large slime creature is heavily wounded.
The very large slime creature hits you!!!
You are too injured to fight recklessly!
You are too injured to fight recklessly!
You are too injured to fight recklessly!
You are too injured to fight recklessly!
You slash the very large slime creature!
The very large slime creature is severely wounded.
The very large slime creature barely misses you.
You hit the very large slime creature.
You headbutt the very large slime creature!
The very large slime creature is severely wounded.
The very large slime creature misses you.
You slash the very large slime creature!
The very large slime creature is severely wounded.
The very large slime creature hits you!!!
Ouch! That really hurt!
You die...

#>......### #.....
+.......'.## #.....
#.......#..#####.....
#.......##.....'.....
#....!..########.....
#####'### #..... #..#
####'# #.## #.. #@#
##. #J# #. #E# #. #E#
####' #..e...# #....
#.....[+ #....
+......# +....
#......# #....
#..°...# #####


You could see a very large slime creature, a deep elf pyromancer and 2 fire
elementals.

Vanquished Creatures
  A boulder beetle (D:11)
  3 two-headed ogres
  A centaur warrior (D:10)
  A death knight (D:10)
  3 death yaks (D:8)
  Pikel (D:6)
  2 orc knights (Bailey)
  A manticore (D:12)
  An ugly thing (D:10)
  A yaktaur (shapeshifter) (D:11)
  Prince Ribbit (D:6)
  3 slime creatures (D:12)
  2 shadows
  13 yaks
  A vampire (D:9)
  A steam dragon (D:8)
  9 vampire mosquitoes
  Menkaure (D:7)
  3 acid dragons
  19 orc warriors
  2 sky beasts
  7 black bears
  An ice beast (D:7)
  2 ogres
  4 centaurs
  A kobold brigand (D:7)
  2 phantoms
  Blork the orc (D:6)
  2 gnoll sergeants
  5 bullfrogs
  3 necrophages
  12 wights (D:7)
  6 killer bees (D:9)
  4 howler monkeys
  3 centaur zombies (D:7)
  2 lava snakes (D:11)
  2 bullfrog zombies (D:7)
  5 hounds
  A human zombie (D:7)
  A jelly (D:6)
  9 orc priests
  4 gnoll boudas
  An iguana (D:6)
  10 orc wizards
  2 hell rats (D:8)
  A howler monkey zombie (D:7)
  28 gnolls
  4 river rats (D:8)
  12 adders
  A white imp (D:7)
  An ufetubus (D:4)
  A worm (D:5)
  88 orcs
  4 bats
  7 endoplasms
  4 giant cockroaches
  8 goblins
  5 hobgoblins
  3 jackals (D:4)
  7 quokkas
  10 ball pythons
  5 frilled lizards
  11 kobolds
  8 rats
368 creatures vanquished.

Vanquished Creatures (collateral kills)
  A gargoyle (D:10)
  2 orc warriors (D:11)
3 creatures vanquished.

Vanquished Creatures (others)
  An orc wizard (D:11)
  A kobold (D:8)
  150 foxfires
  5 toadstools (D:1)
157 creatures vanquished.

Grand Total: 528 creatures vanquished

Notes
Turn   | Place    | Note
-------+----------+-------------------------------------------
     0 | D:1      | DemonSlayer the Demonspawn Fire Elementalist began the
                  | quest for the Orb.
     0 | D:1      | Reached XP level 1. HP: 13/13 MP: 3/3
   806 | D:1      | Gained mutation: You regenerate magic rapidly. [demonic
                  | ancestry]
   806 | D:1      | Reached XP level 2. HP: 19/19 MP: 5/5
   809 | D:1      | Learned a level 2 spell: Scorch
  2050 | D:2      | Found Baeno's Book Boutique.
  2069 | D:2      | Gained mutation: A meltable shield of frost defends you.
                  | (SH +4) [demonic ancestry]
  2069 | D:2      | Reached XP level 3. HP: 24/24 MP: 0/6
  2785 | D:2      | Reached XP level 4. HP: 30/30 MP: 2/7
  2923 | D:2      | Found a faded altar of an unknown god.
  3537 | D:2      | Reached skill level 1 in Armour
  3602 | D:2      | Learned a level 3 spell: Stone Arrow
  3791 | D:3      | Found a bloodstained altar of Trog.
  3791 | D:3      | Found a radiant altar of Vehumet.
  3920 | D:3      | Reached skill level 1 in Short Blades
  3955 | D:3      | Reached XP level 5. HP: 22/35 MP: 3/9
  4105 | D:3      | Noticed an ogre
  4116 | D:3      | Killed an ogre
  4117 | D:3      | Reached skill level 3 in Spellcasting
  4328 | D:3      | Found an ornate altar of the Wu Jian Council.
  4529 | D:3      | Learned a level 4 spell: Flame Wave
  5254 | D:4      | Gained mutation: A meltable icy envelope protects you from
                  | harm. (AC +4) [demonic ancestry]
  5254 | D:4      | Reached XP level 6. HP: 39/42 MP: 0/11
  5805 | D:5      | Entered Level 5 of the Dungeon
  5835 | D:5      | Gained mutation: You are partially covered in large bone
                  | plates. (SH +4) [demonic ancestry]
  5835 | D:5      | Reached XP level 7. HP: 38/47 MP: 2/12
  5847 | D:5      | Reached skill level 1 in Fighting
  5847 | D:5      | Reached skill level 4 in Spellcasting
  5910 | D:5      | Found a hide-covered altar of Uskayaw.
  6125 | D:6      | Noticed Blork the orc
  6492 | D:6      | Reached skill level 1 in Axes
  6501 | D:6      | Killed Blork the orc
  6502 | D:6      | Reached skill level 1 in Shields
  6521 | D:6      | Reached skill level 5 in Fire Magic
  6532 | D:6      | Gained mutation: You have a pair of small horns on your
                  | head. [demonic ancestry]
  6532 | D:6      | Reached XP level 8. HP: 25/54 MP: 4/14
  6775 | D:6      | Found a staircase to the Ecumenical Temple.
  6977 | D:5      | Reached skill level 5 in Spellcasting
  7527 | D:6      | Reached skill level 6 in Spellcasting
  7731 | D:6      | Noticed Prince Ribbit
  7736 | D:6      | Killed Prince Ribbit
  7737 | D:6      | Noticed Pikel
  7750 | D:6      | Killed Pikel
  7751 | D:6      | Reached XP level 9. HP: 61/61 MP: 0/19
  7785 | Temple   | Entered the Ecumenical Temple
  8158 | D:7      | Reached skill level 7 in Spellcasting
  8367 | D:7      | Learned a level 3 spell: Mephitic Cloud
  8371 | D:7      | Learned a level 3 spell: Ignite Poison
  8376 | D:7      | Learned a level 4 spell: Leda's Liquefaction
  8543 | D:7      | Found an ancient bone altar of Kikubaaqudgha.
  8587 | D:7      | Reached skill level 1 in Earth Magic
  8984 | D:7      | Noticed Menkaure
  8995 | D:7      | Killed Menkaure
  9176 | D:7      | Gained mutation: You have a pair of horns on your head.
                  | [demonic ancestry]
  9176 | D:7      | Reached XP level 10. HP: 68/68 MP: 6/21
  9396 | D:7      | Learned a level 3 spell: Conjure Flame
  9460 | D:8      | Noticed a death yak
  9669 | D:8      | Reached skill level 8 in Spellcasting
 10741 | D:8      | Found Xyati Mui's Antique Weapon Emporium.
 10798 | D:8      | Found a staircase to the Lair.
 11209 | D:8      | Noticed a death yak
 11209 | D:8      | Noticed a death yak
 11228 | D:8      | Killed a death yak
 11446 | D:8      | Killed a death yak
 11447 | D:8      | Reached skill level 1 in Throwing
 11452 | D:8      | Killed a death yak
 11453 | D:8      | Reached XP level 11. HP: 72/75 MP: 3/23
 11636 | D:8      | Learned a level 4 spell: Cause Fear
 11675 | D:9      | Reached skill level 5 in Conjurations
 11844 | D:9      | Reached skill level 9 in Spellcasting
 11913 | D:9      | Found a flagged portal.
 11923 | Bailey   | Entered a bailey
 12132 | Bailey   | Noticed an orc knight
 12142 | Bailey   | Killed an orc knight
 12145 | Bailey   | Noticed an orc knight
 12170 | Bailey   | Killed an orc knight
 12171 | Bailey   | Reached skill level 1 in Poison Magic
 12279 | Bailey   | Reached skill level 5 in Dodging
 12279 | Bailey   | Reached skill level 1 in Hexes
 12279 | Bailey   | Reached skill level 1 in Air Magic
 12279 | Bailey   | Reached skill level 1 in Evocations
 12279 | Bailey   | Reached XP level 12. HP: 83/83 MP: 25/25
 12286 | D:9      | Identified a scroll of acquirement
 12286 | D:9      | Acquired 791 gold pieces
 12374 | D:9      | Reached skill level 5 in Axes
 12479 | D:9      | Found Zeyrengezet's Elemental Accessories.
 12677 | D:9      | Found a burning altar of Makhleb.
 12679 | D:9      | Found a shimmering altar of Xom.
 12805 | D:9      | Found a blossoming altar of Fedhas.
 12826 | D:9      | Found an iron altar of Okawaru.
 12829 | D:9      | Found a sacrificial altar of Ru.
 12831 | D:9      | Found a snail-covered altar of Cheibriados.
 12836 | D:9      | Found a hazy altar of Hepliaklqana.
 13041 | D:9      | Became a worshipper of Cheibriados the Contemplative
 13068 | D:10     | Entered Level 10 of the Dungeon
 13180 | D:10     | Noticed a centaur warrior
 13195 | D:10     | Killed a centaur warrior
 13196 | D:10     | Reached skill level 10 in Spellcasting
 13199 | D:10     | Noticed a two-headed ogre
 13206 | D:10     | Killed a two-headed ogre
 14077 | D:10     | Noticed a death knight
 14093 | D:10     | Reached * piety under Cheibriados
 14099 | D:10     | Killed a death knight
 14100 | D:10     | Reached skill level 5 in Earth Magic
 14647 | D:10     | Learned a level 3 spell: Tukima's Dance
 14659 | D:11     | Noticed a boulder beetle
 14671 | D:11     | Killed a boulder beetle
 14900 | D:11     | Noticed a two-headed ogre
 14905 | D:11     | Killed a two-headed ogre
 15236 | D:11     | Reached ** piety under Cheibriados
 15588 | D:11     | Found a staircase to the Orcish Mines.
 15715 | D:11     | Noticed a two-headed ogre
 15717 | D:11     | Killed a two-headed ogre
 15718 | D:11     | Gained mutation: You have a pair of large horns on your
                  | head. [demonic ancestry]
 15718 | D:11     | Reached XP level 13. HP: 88/88 MP: 21/27
 16369 | D:12     | Demolished by a very large slime creature

Illustrated notes

Levels and vault maps discovered:
D:1:      onia_arrival_mini_maze, layout_basic, minmay_gold_behind_fungi,
          dk_noncrumbling_2
D:2:      minmay_razor_zed, layout_basic, serial_shops, nicolae_shop_waterfront,
          serial_curves, eino_curves_03, eino_curves_01,
          dreamdust_ecumenical_altar_statues
D:3:      layout_loops_ring, lemuel_round_altar,
          mainiacjoe_overflow_divided_tiny, kennysheep_minor_cross,
          kennysheep_another_room
D:4:      layout_rooms, good_gods_temple_1, kennysheep_crisscross
D:5:      layout_gridville, amcnicky_altar_gilded
D:6:      layout_basic, minmay_temple_entry_crystal_x, grunt_ministairs_11,
          uniq_blork_the_orc, uniq_pikel, uniq_prince_ribbit1
D:7:      layout_rooms, lemuel_mausoleum_altar_kikubaaqudgha,
          nicolae_underground_beach, uniq_menkaure
D:8:      layout_gridville, dpeg_lair_monsters, serial_shops,
          nicolae_shop_crystal, special_room [special_room_orc]
D:9:      layout_roguey, nicolae_overflow_hidden_temple,
          nicolae_overflow_hallway_of_the_gods, enter_bailey_2, minivault_5,
          nicolae_elemental_shop, nrook_campfire
D:10:     kennysheep_big_flooded_room, layout_loops_corners,
          kennysheep_nondescript
D:11:     layout_irregular_city, david_orc_4, kennysheep_pointless_box
D:12:     layout_roguey, serial_shops, kennysheep_mini, guppyfry_shop_earth
Temple:   hellmonk_temple_of_storms

Skill      XL: |  1  2  3  4  5  6  7  8  9 10 11 12 13 |
---------------+----------------------------------------+-----
Stealth        | 2 3 4 |  4.5
Fire Magic     | 3 4 5 6 7 8 |  8.0
Armour         | 1 2 3 |  3.6
Short Blades   | 1 |  1.0
Dodging        | 2 3 4 5 |  5.8
Spellcasting   | 3 4 6 7 8 9 10 | 10.7
Fighting       | 1 2 3 4 |  4.1
Axes           | 1 2 3 4 5 |  5.4
Shields        | 1 3 4 |  4.5
Conjurations   | 3 4 5 6 7 |  7.0
Earth Magic    | 1 4 5 |  5.7
Throwing       | 1 2 |  2.7
Poison Magic   | 2 |  2.7
Hexes          | 1 |  1.9
Transmutations | 2 |  2.1
Air Magic      | 1 2 |  2.1
Evocations     | 1 |  1.8

Action                   |  1- 3 |  4- 6 |  7- 9 | 10-12 | 13-15 || total
-------------------------+-------+-------+-------+-------+-------++-------
Melee: Unarmed           |    13 |       |       |       |       ||    13
       Dagger            |    16 |    65 |       |       |       ||    81
       Punch             |       |     2 |       |     2 |       ||     4
       Hand axe          |       |    32 |    77 |   155 |    13 ||   277
       Headbutt          |       |       |    10 |    34 |     3 ||    47
Throw: Dart              |       |       |     3 |    18 |       ||    21
 Cast: Foxfire           |    60 |       |    17 |    30 |       ||   107
       Scorch            |     5 |    72 |    79 |    32 |       ||   188
       Stone Arrow       |       |       |    74 |   212 |    30 ||   316
       Mephitic Cloud    |       |       |       |    23 |       ||    23
       Conjure Flame     |       |       |       |     3 |       ||     3
       Ignite Poison     |       |       |       |    12 |       ||    12
       Leda's Liquefacti |       |       |       |     2 |       ||     2
Evoke: Wand              |       |       |       |     4 |       ||     4
  Use: Scroll            |       |    10 |     1 |    22 |     2 ||    35
       Potion            |       |     3 |     1 |     7 |       ||    11
 Stab: Sleeping          |     7 |     2 |     1 |     1 |       ||    11
       Invisible         |       |       |       |     2 |       ||     2
Armor: Robe              |     4 |       |    11 |       |       ||    15
       Leather armour    |     9 |    61 |    55 |    86 |    10 ||   221
Dodge: Dodged            |    25 |   123 |   112 |   196 |    15 ||   471
Block: Other             |       |    22 |    97 |   145 |     7 ||   271
